 Dungeon Crawl Stone Soup version 0.29-a0-824-gd827844252 (webtiles) character file.

Game seed: 5960406833611770191

79 coolguy69 the Cutter (level 4, 0/24 HPs)
             Began as a Vine Stalker Monk on July 10, 2022.
             Killed by divine providence
             ... invoked by an orc priest
              (13 damage)
             ... on level 3 of the Dungeon.
             The game lasted 00:01:16 (2455 turns).

coolguy69 the Cutter (Vine Stalker Monk)            Turns: 2455, Time: 00:01:17

Health: 0/24       AC:  3    Str: 13    XL:     4   Next: 38%
Magic:  0/5        EV: 17    Int: 10    God:
Gold:   159        SH:  0    Dex: 20    Spells: 3/3 levels left

rFire   . . .      SeeInvis .   a - +0 short sword
rCold   . . .      Faith    .   (no shield)
rNeg    . . .      Spirit   +   b - +0 robe
rPois   .          Reflect  .   (no helmet)
rElec   .          Harm     .   m - +0 cloak
rCorr   .          Rampage  .   (no gloves)
Will    .....                   (no boots)
Stlth   ++++......              (no amulet)
HPRegen 0.88/turn               k - ring of Xaretz {EV+4 Str-3 Dex+4 Slay+3 Stlth+}
MPRegen 0.09/turn               (no ring)

@: no status effects
A: fangs 2, regeneration 1, magic shield, antimagic bite, no potion heal 2
a: no special abilities


You were on level 3 of the Dungeon.
You visited 1 branch of the dungeon, and saw 3 of its levels.

You collected 159 gold pieces.

Inventory:

Hand Weapons
 a - a +0 short sword (weapon)
Armour
 b - a +0 robe (worn)
 m - a +0 cloak (worn)
Jewellery
 j - an amulet of faith
 k - the ring of Xaretz (left hand) {EV+4 Str-3 Dex+4 Slay+3 Stlth+}
   (You found it on level 2 of the Dungeon)

   [ring of evasion]

   EV:        It affects your evasion (+4).
   Str:       It affects your strength (-3).
   Dex:       It affects your dexterity (+4).
   Slay:      It affects your accuracy & damage with ranged weapons and melee
   (+3).
   Stlth:     It makes you more stealthy.
Scrolls
 e - 2 scrolls of fear {unknown}
 f - a scroll of amnesia {unknown}
 g - a scroll of enchant armour {unknown}
 i - 2 scrolls of identify {unknown}
 n - a scroll of magic mapping {unknown}
Potions
 c - a potion of ambrosia
 h - a potion of mutation {unknown}
 l - a potion of degeneration {unknown}


   Skills:
 + Level 3.1 Fighting
 + Level 3.6 Short Blades
 + Level 2.7 Dodging
 + Level 3.5 Stealth


You had 3 spell levels left.
You didn't know any spells.
Your spell library was empty.

Dungeon Overview and Level Annotations

Branches:
Dungeon (3/15)

Altars:


Innate Abilities, Weirdness & Mutations

You have extremely sharp teeth.
Your natural rate of healing is unusually fast.
When hurt, damage is shared between your health and your magic reserves.
Your bite disrupts and absorbs the magic of your enemies.
Potions cannot restore your health.


Message History

A frilled lizard comes into view.
The frilled lizard hisses angrily.
The frilled lizard hisses.
A frilled lizard is nearby!
A frilled lizard is nearby!
The frilled lizard closely misses you.
A frilled lizard is nearby!
You puncture the frilled lizard!
You kill the frilled lizard!
You see here a frilled lizard corpse.
There is a stone staircase leading up here.
You see here a +0 spear.
Jessica the Apprentice Sorceress comes into view.
She is wielding a +0 dagger.
Found a scroll labelled NEARUFREGG.
Jessica is nearby!
Jessica is nearby!
An orc comes into view. It is wielding a +0 dagger.
Jessica shouts!
The orc shouts!
You hear a shout!
Jessica gestures wildly while chanting.
Jessica blinks!
The teleport trap disappears.
The kobold disappears!
There are monsters nearby!
Found a scroll labelled FEBAHOE KYNN.
An orc priest comes into view. It is wielding a +0 hand axe.
An orc comes into view. It is wielding a +0 short sword.
There are monsters nearby!
The orc barely misses you. Jessica hits you with a +0 dagger.
You puncture Jessica! You bite Jessica.
You kill Jessica!
The orc closely misses you.
The orc priest mumbles some strange prayers to Beogh against you.
Beogh smites you!
You have reached level 4!
You feel stronger.
You begin to heal more quickly.
It was a potion of heal wounds.
That seemed strangely inert.
The orc closely misses you.
The orc priest invokes the aid of Beogh against you.
Beogh smites you!
Ouch! That really hurt!
You die...

#....#
####.#
#.#### #
#....#####.#
###........#
#........#
#...?..###
###.........
#?..@....#..
###.o)...# .
#.o....#
..o....#
##......#
#......#
#......#
#.......


You could see an orc priest and 2 orcs.

Vanquished Creatures
  Jessica (D:3)
  An adder (D:2)
  A dart slug (D:1)
  6 endoplasms
  A giant cockroach (D:1)
  5 goblins
  6 hobgoblins
  2 kobolds (D:1)
  3 quokkas
  3 ball pythons
  A bat (D:2)
  5 frilled lizards
  5 rats
40 creatures vanquished.

Notes
Turn   | Place    | Note
-------+----------+-------------------------------------------
     0 | D:1      | coolguy69 the Vine Stalker Monk began the quest for the
                  | Orb.
     0 | D:1      | Reached XP level 1. HP: 11/11 MP: 2/2
   650 | D:1      | Reached XP level 2. HP: 16/16 MP: 3/3
  1248 | D:1      | Found a faded altar of an unknown god.
  1612 | D:2      | Reached XP level 3. HP: 20/20 MP: 4/4
  2186 | D:2      | Identified the ring of Xaretz {EV+4 Str-3 Dex+4 Slay+3
                  | Stlth+}
  2447 | D:3      | Noticed Jessica
  2454 | D:3      | Killed Jessica
  2455 | D:3      | Gained mutation: Your natural rate of healing is unusually
                  | fast. [Vine Stalker growth]
  2455 | D:3      | Reached XP level 4. HP: 12/24 MP: 1/5
  2455 | D:3      | Killed from afar by an orc priest

Illustrated notes

Levels and vault maps discovered:
D:1:      minmay_arrival_open_corners, layout_loops_corners,
          dreamdust_ecumenical_altar_angels_and_demons, serial_park_tiny_pond
D:2:      layout_basic, minmay_three_crescents
D:3:      wander_river, layout_basic, okawaru_ov_weapons_minmay,
          hangedman_decor_opposing, minmay_crystal_room, uniq_jessica,
          uniq_sigmund

Skill      XL: |  1  2  3 |
---------------+----------+-----
Short Blades   | 3 |  3.6
Fighting       | 3 |  3.1
Stealth        | 3 |  3.5
Dodging        | |  2.7

Action                   |  1- 3 |  4- 6 || total
-------------------------+-------+-------++-------
Melee: Short sword       |    75 |       ||    75
       Bite              |    14 |       ||    14
       Punch             |     2 |       ||     2
  Use: Potion            |       |     1 ||     1
 Stab: Sleeping          |    11 |       ||    11
Armor: Robe              |    10 |       ||    10
Dodge: Dodged            |    44 |     1 ||    45

Table legend: (Time is in decaauts)
 A = Elapsed time spent in this place.
 B = Non-inter-level travel time spent in this place.
 C = Inter-level travel time spent in this place.
 D = Time resting spent in this place.
 E = Time spent auto-exploring this place.
 F = Levels seen in this place.
 G = Mean time per level.
                   A        B        C        D        E       F      G
               +--------+--------+--------+--------+--------+-----+--------+
         Total |   2449 |   2401 |     48 |    506 |   1646 |   3 |  816.3 |
       Dungeon |   2449 |   2401 |     48 |    506 |   1646 |   3 |  816.3 |
               +--------+--------+--------+--------+--------+-----+--------+

Top non-repeatable levels by time:
     D:1: 1604 daAuts
     D:2: 774 daAuts
     D:3: 70 daAuts
